 Dungeon Crawl Stone Soup version 0.31-a0-865-g3d5d91748a (webtiles) character file.

Game seed: 16172819545873199137

43 kae the Trooper (level 3, 0/33 HPs)
             Began as a Hill Orc Fighter on Oct 10, 2023.
             Slain by a gnoll
             ... wielding a +0 halberd
              (5 damage)
             ... on level 2 of the Dungeon.
             The game lasted 00:00:26 (621 turns).

kae the Trooper (Hill Orc Fighter)                   Turns: 621, Time: 00:00:27

Health: 0/33       AC:  7    Str: 20    XL:     3   Next: 58%
Magic:  3/3        EV:  9    Int:  8    God:
Gold:   25         SH:  4    Dex: 10    Spells: 2/2 levels left

rFire   . . .        a - +0 war axe
rCold   . . .        c - +0 buckler
rNeg    . . .        b - +0 scale mail
rPois   .            (no helmet)
rElec   .            (no cloak)
rCorr   .            (no gloves)
SInv    .            (no boots)
Will    .....        (no amulet) Stlth
                     (no ring)
HPRegen 0.25/turn    (no ring)
MPRegen 0.08/turn

%: no passive effects
@: no status effects
A: no striking features
a: no special abilities


You were on level 2 of the Dungeon.
You visited 1 branch of the dungeon, and saw 2 of its levels.

You collected 25 gold pieces.


   Skills:
 + Level 4.1 Fighting
 * Level 4.1 Axes
 + Level 3.7 Armour
 - Level 3.2 Shields


You had 2 spell levels left.
You didn't know any spells.
Your spell library contained the following spells:

 Spells                   Type           Power      Damage    Failure   Level
 Summon Small Mammal      Summ           0%         N/A       83%         1
 Ensorcelled Hibernation  Hex/Ice        0%         N/A       92%         2
 Jinxbite                 Hex            0%         N/A       92%         2
 Call Canine Familiar     Summ           0%         N/A       99%         3
 Summon Guardian Golem    Hex/Summ       0%         N/A       99%         3
 Anguish                  Hex/Necr       0%         N/A       100%        4

Inventory:

Hand Weapons
 a - a +0 war axe (weapon)
Missiles
 e - 22 stones
 i - 3 poisoned darts
Armour
 b - a +0 scale mail (worn)
 c - a +0 buckler (worn)
Scrolls
 g - 2 scrolls of fog {unknown}
 h - 2 scrolls of teleportation {unknown}
 l - 2 scrolls of identify {unknown}
 m - a scroll of blinking {unknown}
 n - a scroll of revelation {unknown}
Potions
 d - a potion of might
 f - 2 potions of brilliance {unknown}
 j - 2 potions of degeneration {unknown}
 k - a potion of berserk rage {unknown}
 o - 2 potions of curing {unknown}

Dungeon Overview and Level Annotations

Branches:
Dungeon (2/15) Zot: 11351

Altars:

..g #..# #..#
#..# #..# #..# #
#####.g#####....
#.....g<@....#
#.###..#####.#
#.†# #... #.###
#. #. #. ##


You could see 2 gnolls.


Message History

No target in view!
No target in view!
o - a red potion No target in view!
No target in view!
o - 2 red potions (gained 1) Done exploring.
Done exploring.
No target in view!
No target in view!
Done exploring.
No target in view!
No target in view!
Done exploring.
There is a stone staircase leading down here.
You climb downwards.
The adder hisses angrily.
The jackal barks! x2; You hear a bark!
There is a stone staircase leading up here.
There are monsters nearby!
Okay, then.
Okay, then.
You hit the adder but do no damage. The adder bites you but does no damage.
A rat comes into view.
The adder closely misses you.
You closely miss the adder. The adder bites you but does no damage.
You slash the adder! The adder bites you but does no damage.
The adder bites you.
A jackal comes into view.
The rat bites you but does no damage. 😕 HP[-3]
You take 3 damage, and now have 30/33 hp.
You closely miss the adder. You miss the jackal. You hit the rat.
You kill the rat!
The jackal barely misses you. The adder closely misses you.
You block the jackal's attack.
The jackal bites you but does no damage.
You block the adder's attack.
You slash the adder!
You kill the adder!
You hit the jackal. You hit the jackal but do no damage. The jackal bites you.
The jackal bites you but does no damage. x2
The jackal barely misses you.
Your Axes skill increases to level 4! 😕 HP[-1]
You take 1 damage, and now have 29/33 hp.
You barely miss the jackal. You closely miss the jackal.
The jackal bites you but does no damage. x3
You barely miss the jackal. You slash the jackal!
You kill the jackal!
The jackal bites you but does no damage. x3 😕 HP[+1]
You slash the jackal!
You kill the jackal!
You hit the jackal. The jackal closely misses you.
A gnoll comes into view. It is wielding a +0 whip.
A gnoll comes into view. It is wielding a +0 halberd.
The jackal bites you.
You closely miss the jackal.
The gnoll shouts!
The jackal bites you but does no damage.
The jackal barely misses you. 😕 HP[-3]
You take 3 damage, and now have 27/33 hp.
Unknown command.
You hit the jackal.
The jackal bites you but does no damage.
The jackal barely misses you.
You miss the jackal. The jackal barely misses you.
You block the jackal's attack. 😕 HP[+1]
You closely miss the jackal.
The jackal bites you but does no damage.
You block the gnoll's attack.
You hit the jackal.
You kill the jackal!
You hit the gnoll. The gnoll barely misses you.
The gnoll hits you with a +0 whip. 😕 HP[-1]
You take 1 damage, and now have 27/33 hp.
You closely miss the gnoll. You block the gnoll's attack.
The gnoll closely misses you.
You closely miss the gnoll.
The gnoll hits you from afar with a +0 halberd.
The gnoll barely misses you. The gnoll closely misses you.
The gnoll barely misses you. 😮 HP[-6]
You take 6 damage, and now have 21/33 hp.
Unknown command.
The gnoll hits you with a +0 halberd!
* * * LOW HITPOINT WARNING * * *
A gnoll comes into view. It is wielding a +0 flail.
The gnoll attacks as it pursues you! The gnoll hits you with a +0 whip.
* * * LOW HITPOINT WARNING * * *
There is a stone staircase leading up, spattered with blood here. 😱 HP[-16]
You take 16 damage, and now have 5/33 hp.
MASSIVE DAMAGE!! (PAUSE)
Okay, then.
The gnoll hits you from afar with a +0 halberd.
You die...

Skill      XL: |  1  2  3 |
---------------+----------+-----
Axes           | 3 4 |  4.1
Fighting       | 4 |  4.1
Armour         | |  3.7
Shields        | |  3.2

Action                     || total
---------------------------++-------
  Melee: War axe           ||    74
 Armour: Scale mail        ||    61
  Dodge: Dodged            ||    47
  Block: Buckler           ||    22

Levels and vault maps discovered:
D:1:      minmay_arrival_hallway, layout_basic
D:2:      layout_loops_ring, serial_shops, shop, basic_altar,
          ebering_ecumenical_altar_mist, grunt_decor_arrowhead

Notes
Turn   | Place    | Note
-------+----------+-------------------------------------------
     0 | D:1      | kae the Hill Orc Fighter began the quest for the Orb.
     0 | D:1      | Reached XP level 1. HP: 19/19 MP: 1/1
     0 | D:1      | magus.rc [v1.11.3]
   113 | D:1      | Reached skill level 3 in Axes
   134 | D:1      | Reached XP level 2. HP: 27/27 MP: 2/2
   140 | D:1      | You pick up a book of Callings and begin reading...
   140 | D:1      | You add the spells Summon Small Mammal, Call Canine
                  | Familiar and Summon Guardian Golem to your library.
   156 | D:1      | You pick up a book of Dreams and begin reading...
   156 | D:1      | You add the spells Jinxbite, Ensorcelled Hibernation and
                  | Anguish to your library.
   359 | D:1      | Reached skill level 4 in Fighting
   398 | D:1      | Reached XP level 3. HP: 30/33 MP: 3/3
   610 | D:2      | Reached skill level 4 in Axes
   620 | D:2      | HP: 5/33 [gnoll/+0 whip (6)]
   621 | D:2      | Slain by a gnoll

Vanquished Creatures
  An adder (D:2)
  2 ball pythons (D:1)
  5 bats (D:1)
  2 endoplasms (D:1)
  2 goblins (D:1)
  4 hobgoblins (D:1)
  3 jackals (D:2)
  3 kobolds (D:1)
  2 quokkas (D:1)
  4 rats
28 creatures vanquished.

Table legend:
 A = Non-vault XP
 B = Vault XP
 C = Vault XP percentage of total XP
 D = Non-vault monster count
 E = Vault monster count
 F = Vault count percentage of total count
                 A         B        C        D         E       F
            +---------+---------+-------+---------+---------+-------
      Total |      62 |       0 |   0.0 |      28 |       0 |   0.0
            +---------+---------+-------+---------+---------+-------
        D:1 |      42 |       0 |   0.0 |      23 |       0 |   0.0
        D:2 |      20 |       0 |   0.0 |       5 |       0 |   0.0
            +---------+---------+-------+---------+---------+-------

Skill      XL: |  1  2  3 |
---------------+----------+-----
Axes           | 3 4 |  4.1
Fighting       | 4 |  4.1
Armour         | |  3.7
Shields        | |  3.2

Action                     || total
---------------------------++-------
  Melee: War axe           ||    74
 Armour: Scale mail        ||    61
  Dodge: Dodged            ||    47
  Block: Buckler           ||    22

Illustrated notes

Table legend:
 A = Kills in this place as a percentage of kills in the entire game.
 B = Kills by you in this place as a percentage of kills by you in the entire game.
 C = Kills by friends in this place as a percentage of kills by friends in the entire game.
 D = Other kills in this place as a percentage of other kills in the entire game.
 E = Experience gained in this place as a percentage of experience gained in the entire game.
 F = Experience gained in this place divided by the number of levels of this place that you have seen.
                   A       B       C       D       E      F
               +-------+-------+-------+-------+-------+----------------------
         Total | 100.0 | 100.0 |   N/A |   N/A | 100.0 |  31.0
       Dungeon | 100.0 | 100.0 |   N/A |   N/A | 100.0 |  31.0
               +-------+-------+-------+-------+-------+----------------------

Table legend: (Time is in decaauts)
 A = Elapsed time spent in this place.
 B = Non-inter-level travel time spent in this place.
 C = Inter-level travel time spent in this place.
 D = Time resting spent in this place.
 E = Time spent auto-exploring this place.
 F = Levels seen in this place.
 G = Mean time per level.
                   A        B        C        D        E       F      G
               +--------+--------+--------+--------+--------+-----+--------+
         Total |    647 |    619 |     28 |      0 |    451 |   2 |  323.5 |
       Dungeon |    647 |    619 |     28 |      0 |    451 |   2 |  323.5 |
               +--------+--------+--------+--------+--------+-----+--------+

Top non-repeatable levels by time:
     D:1: 624 daAuts
     D:2: 22 daAuts
